 Dungeon Crawl Stone Soup version 0.27-a0-1119-gbf574a6a6b (webtiles) character file.

Game seed: 1933988570823583039

25293 wakim the Grappler (level 12, -7/127 HPs)
             Began as a Troll Monk on May 2, 2021.
             Was an Elder of Qazlal.
             Succumbed to Nessos's poison
             ... on level 4 of the Lair of Beasts.
             The game lasted 00:53:18 (14270 turns).

wakim the Grappler (Troll Monk)                    Turns: 14270, Time: 00:53:19

Health: -7/127     AC: 12    Str: 26    XL:     12   Next: 88%
Magic:  10/17      EV: 13    Int:  6    God:    Qazlal [****..]
Gold:   2077       SH:  5    Dex: 18    Spells: 11/11 levels left

rFire    + . .     SeeInvis .     - Unarmed
rCold    + . .     Faith    .   (no shield)
rNeg     . . .     Spirit   .   g - +1 steam dragon scales
rPois    .         Reflect  .   d - +1 hat
rElec    +         Harm     .   q - +0 cloak of the Serpent {rElec}
rCorr    .         Rampage  .   (gloves unavailable)
Will     +++..                  (boots unavailable)
Stlth    +.........             p - amulet of the acrobat
HPRegen  1.31/turn              l - ring "Onahuj" {rF+ rC+ Will+++ Dex+6}
MPRegen  0.15/turn              i - +4 ring of slaying

@: lethally poisoned (-7 -> -32), studying Fighting, repel missiles
A: large, unfitting armour, claws 3, regeneration 1, shaggy fur 1, tough skin 1
a: Renounce Religion, Upheaval, Elemental Force


You were on level 4 of the Lair of Beasts.
You worshipped Qazlal.
Qazlal was greatly pleased with you.
You visited 3 branches of the dungeon, and saw 16 of its levels.
You also visited: Sewer and Ossuary.

You collected 2159 gold pieces.
You spent 82 gold pieces at shops.

Inventory:

Missiles
 c - 102 poisoned darts
 e - 4 curare-tipped darts {=f}
 h - 9 large rocks (quivered) {=f}
 n - 9 javelins
 s - 2 throwing nets {=f!f}
Armour
 d - a +1 hat (worn)
 g - +1 steam dragon scales (worn)
 q - the +0 cloak of the Serpent (worn) {rElec}
   (You acquired it on level 1 of the Lair of Beasts)

   It insulates you from electricity.
Jewellery
 b - a ring of protection from fire
 f - a ring of positive energy
 i - a +4 ring of slaying (right claw)
 l - the ring "Onahuj" (left claw) {rF+ rC+ Will+++ Dex+6}
   (You acquired it on level 4 of the Dungeon)

   [ring of dexterity]

   It affects your dexterity (+6).
   It protects you from fire.
   It protects you from cold.
   It greatly increases your willpower.
 p - an amulet of the acrobat (around neck)
Wands
 k - a wand of iceblast (8)
 v - a wand of flame (91)
 w - a wand of acid (14)
 x - a wand of charming (12)
 y - a wand of paralysis (5)
Scrolls
 m - 2 scrolls of enchant weapon
 r - a scroll of identify
 T - 7 scrolls of teleportation
 U - 3 scrolls of fear
 X - 3 scrolls of fog
 Y - 3 scrolls of blinking {!r}
Potions
 a - a potion of mutation {unknown}
 o - a potion of magic {unknown}
 A - 5 potions of ambrosia
 B - 5 potions of attraction {!q}
 D - 2 potions of brilliance
 E - 2 potions of cancellation
 F - 7 potions of curing
 G - 3 potions of flight
 H - 5 potions of haste
 J - 2 potions of heal wounds
 N - 2 potions of might
 O - 2 potions of resistance


   Skills:
 * Level 10.5 Fighting
 + Level 6.2 Throwing
 * Level 7.8 Armour
 - Level 6.2 Dodging
 - Level 1.0 Stealth
 * Level 11.8 Unarmed Combat
 * Level 8.4 Invocations


You had 11 spell levels left.
You didn't know any spells.
Your spell library contained the following spells:

 Spells                   Type           Power      Damage    Failure   Level
 Foxfire                  Conj/Fire      0%         2x1d4     45%         1
 Magic Dart               Conj           0%         1d3       45%         1
 Sting                    Tmut/Pois      0%         1d3       45%         1
 Summon Small Mammal      Summ           0%         N/A       45%         1
 Blink                    Tloc           N/A        N/A       58%         2
 Call Imp                 Summ           0%         N/A       58%         2
 Poisonous Vapours        Pois/Air       0%         N/A       58%         2
 Slow                     Hex            0%         N/A       58%         2
 Call Canine Familiar     Summ           0%         N/A       83%         3
 Conjure Flame            Conj/Fire      0%         6-21      83%         3
 Ignite Poison            Fire/Tmut/Pois 0%         N/A       83%         3
 Inner Flame              Hex/Fire       0%         N/A       83%         3
 Mephitic Cloud           Conj/Pois/Air  0%         N/A       83%         3
 Summon Guardian Golem    Hex/Summ       0%         N/A       83%         3
 Olgreb's Toxic Radiance  Pois           0%         N/A       99%         4
 Sticky Flame             Conj/Fire      0%         2d3       99%         4
 Summon Ice Beast         Ice/Summ       0%         N/A       99%         4
 Summon Lightning Spire   Summ/Air       0%         N/A       99%         4
 Fireball                 Conj/Fire      0%         3d3       100%        5


Dungeon Overview and Level Annotations

Branches:
Dungeon (11/15)            Temple (1/1) D:4            Lair (4/6) D:8
 Shoals (0/4) Lair:3       Spider (0/4) Lair:4          Orc (0/2) D:11
  Sewer (visited)         Ossuary (visited)

Altars:
Ashenzari
Cheibriados
Dithmenos
Elyvilon
Fedhas
Gozag
Hepliaklqana
Kikubaaqudgha
Makhleb
Nemelex Xobeh
Okawaru
Qazlal
Ru
Sif Muna
Trog
Uskayaw
Vehumet
Wu Jian
Xom
Yredelemnul
Zin
The Shining One

Shops:
D:4 *   D:7 (


Innate Abilities, Weirdness & Mutations

You are too large for most types of armour.
You have claws for hands.
Your natural rate of healing is unusually fast.
You are covered in fur. (AC +1)
You have tough skin. (AC +1)


Message History

Nessos unwields a +2 longbow of flaming.
It stops flaming.
Nessos hits you.
* * * LOW HITPOINT WARNING * * *
Nessos closely misses you.
Nessos blinks!
You are too injured to fight recklessly!
Throw: 12 large rocks {=f}
Press: ? - help, Q - select action, (/) - cycle Shift-Dir - straight line, f/p - Nessos
Aim: Nessos, wearing a +1 barding of stealth and quivering arrows (heavily wounded, fast, 80% to hit)
You throw a large rock {=f}. The large rock {=f} hits Nessos!!
Nessos is almost dead.
You feel very sick.
Nessos wields a +2 longbow of flaming.
It bursts into flame!
Nessos shoots an arrow.
You block the arrow.
Nessos shoots an arrow.
The arrow closely misses you.
Nessos shoots an arrow.
The arrow closely misses you.
Throw: 11 large rocks {=f}
Press: ? - help, Q - select action, (/) - cycle Shift-Dir - straight line, f/p - Nessos
Aim: Nessos, wielding a +2 longbow of flaming, wearing a +1 barding of stealth and quivering arrows (almost dead, fast, 80% to hit)
You throw a large rock {=f}.
The large rock {=f} barely misses Nessos.
You feel very sick.
Nessos shoots an arrow.
The arrow hits you!!
* * * LOW HITPOINT WARNING * * *
The arrow burns you.
You are lethally poisoned!
* * * LOW HITPOINT WARNING * * *
Nessos shoots an arrow.
The arrow barely misses you.
Nessos shoots an arrow.
The arrow hits you!
* * * LOW HITPOINT WARNING * * *
The arrow burns you.
You are more poisoned.
* * * LOW HITPOINT WARNING * * *
Nessos shoots an arrow.
You block the arrow.
Throw: 10 large rocks {=f}
Press: ? - help, Q - select action, (/) - cycle Shift-Dir - straight line, f/p - Nessos
Aim: Nessos, wielding a +2 longbow of flaming, wearing a +1 barding of stealth and quivering arrows (almost dead, fast, 80% to hit)
You throw a large rock {=f}. The large rock {=f} hits Nessos!
You kill Nessos!
Qazlal accepts your kill.
You die... #... #...## .....P# .......### ..[......### ...§.§°#.# #.○....# PPPP #.@..### #P.... ##).)..# .PPP.P

#....(.##.#....
###......##....
###....#...#
##[.....#
#.....##
####.....####
##.#......<#.#


There were no monsters in sight!

Vanquished Creatures
  Nessos (Lair:4)
  2 hydras
  Harold (D:8)
  A boulder beetle (D:11)
  A two-headed ogre (D:8)
  Urug (Lair:3)
  3 oklob plants
  Joseph (D:7)
  2 black mambas
  6 cane toads
  A gargoyle (D:11)
  Maggie (D:7)
  4 komodo dragons
  3 rime drakes
  A troll (D:10)
  A queen bee (D:10)
  10 blink frogs
  Sigmund (D:5)
  2 redbacks (Lair:4)
  A shadow (D:10)
  15 yaks
  A wraith (D:6)
  Grum (D:9)
  A wyvern (Lair:1)
  A basilisk (D:11)
  A steam dragon (D:8)
  3 wargs (D:8)
  Menkaure (D:7)
  An acid dragon (D:11)
  6 water moccasins
  2 orc warriors
  A sky beast (D:5)
  6 wolves
  2 ogres
  6 centaurs
  13 kobold brigands
  7 bullfrogs
  2 gnoll sergeants
  3 scorpions
  28 killer bees
  9 wights
  3 howler monkeys
  A bullfrog zombie (D:6)
  8 centaur zombies
  2 centaur skeletons (D:7)
  3 orc priests (D:8)
  Crazy Yiuf (D:7)
  3 jellies
  3 hounds
  Jessica (D:2)
  2 bullfrog skeletons
  7 orc wizards
  4 iguanas (D:6)
  A killer bee zombie (D:7)
  A howler monkey zombie (D:6)
  8 mummies (Ossuary)
  20 gnolls
  3 river rats (Sewer)
  11 adders
  2 white imps (D:6)
  An ufetubus (D:5)
  A worm zombie (D:7)
  8 worms
  2 dart slugs
  29 orcs
  9 ball pythons
  13 endoplasms
  A giant cockroach (D:1)
  2 gnoll zombies
  15 goblins
  10 hobgoblins
  15 jackals
  34 kobolds
  3 quokkas
  4 bats
  A frilled lizard (D:1)
  2 hobgoblin zombies (Ossuary)
  2 kobold zombies (Ossuary)
  3 orc zombies (Ossuary)
  9 rats
402 creatures vanquished.

Vanquished Creatures (others)
  A cane toad (Lair:2)
  A wraith (D:9)
  2 kobolds (D:8)
  3 fungi
  12 plants
19 creatures vanquished.

Grand Total: 421 creatures vanquished

Notes
Turn   | Place    | Note
-------+----------+-------------------------------------------
     0 | D:1      | wakim the Troll Monk began the quest for the Orb.
     0 | D:1      | Reached XP level 1. HP: 22/22 MP: 0/0
   160 | D:1      | Reached XP level 2. HP: 29/29 MP: 1/1
   392 | D:1      | Reached XP level 3. HP: 36/36 MP: 2/2
   931 | D:2      | Noticed Jessica
   985 | D:2      | Killed Jessica
   986 | D:2      | Reached skill level 4 in Unarmed Combat
   986 | D:2      | Reached XP level 4. HP: 39/44 MP: 3/3
  1329 | D:2      | Reached skill level 1 in Armour
  1819 | D:2      | Reached XP level 5. HP: 53/53 MP: 4/4
  2010 | D:3      | You fall into a shaft and drop 2 floors!
  2010 | D:5      | Entered Level 5 of the Dungeon
  2013 | D:5      | Noticed Sigmund
  2035 | D:5      | Killed Sigmund
  2036 | D:5      | Reached skill level 5 in Unarmed Combat
  2036 | D:5      | Reached XP level 6. HP: 46/61 MP: 5/5
  2152 | D:5      | Noticed a sky beast
  2176 | D:5      | Killed a sky beast
  2177 | D:5      | Reached XP level 7. HP: 55/68 MP: 6/6
  2246 | D:5      | Reached skill level 6 in Unarmed Combat
  2593 | D:5      | Found a glowing drain.
  2597 | Sewer    | Entered a sewer
  2771 | Sewer    | Reached XP level 8. HP: 76/78 MP: 7/7
  2909 | Sewer    | Reached skill level 7 in Unarmed Combat
  2949 | Sewer    | Reached skill level 1 in Throwing
  3771 | D:4      | Found a staircase to the Ecumenical Temple.
  3776 | D:4      | Found Teigolup's General Store.
  3788 | Temple   | Entered the Ecumenical Temple
  3848 | Temple   | Became a worshipper of Qazlal Stormbringer
  3848 | Temple   | Reached * piety under Qazlal
  3848 | Temple   | Reached ** piety under Qazlal
  4013 | D:4      | Bought a scroll of blinking for 82 gold pieces
  4177 | D:4      | Identified 3 scrolls of acquirement
  4177 | D:4      | Acquired an amulet of magic regeneration
  4178 | D:4      | Acquired the ring "Onahuj" {rF+ rC+ Will+++ Dex+6}
  4188 | D:4      | Acquired 1108 gold pieces
  4581 | D:3      | You fall into a shaft and drop 2 floors!
  5637 | D:6      | Reached skill level 1 in Invocations
  5693 | D:6      | Reached skill level 5 in Fighting
  5693 | D:6      | Reached XP level 9. HP: 88/88 MP: 8/8
  5939 | D:6      | Reached skill level 8 in Unarmed Combat
  6120 | D:6      | Reached skill level 5 in Dodging
  6126 | D:6      | Reached *** piety under Qazlal
  6357 | D:7      | Noticed Maggie
  6369 | D:7      | Killed Maggie
  6401 | D:7      | Found a sand-covered staircase.
  6434 | Ossuary  | Entered an ossuary
  6690 | D:7      | Found a runed translucent door.
  6691 | D:7      | Noticed Crazy Yiuf
  6699 | D:7      | Killed Crazy Yiuf
  6754 | D:7      | Noticed Joseph
  6772 | D:7      | Killed Joseph
  6793 | D:7      | Found Exaall's Antique Weapon Shoppe.
  7118 | D:7      | Noticed Menkaure
  7143 | D:7      | Killed Menkaure
  7144 | D:7      | Reached XP level 10. HP: 83/98 MP: 11/11
  7343 | D:8      | Noticed a two-headed ogre
  7349 | D:8      | Killed a two-headed ogre
  7350 | D:8      | Reached skill level 9 in Unarmed Combat
  7456 | D:8      | Reached **** piety under Qazlal
  7565 | D:8      | Found a staircase to the Lair.
  8336 | D:9      | Reached skill level 5 in Invocations
  8499 | D:9      | Reached skill level 5 in Armour
  8541 | D:9      | Noticed Harold
  8624 | D:8      | Killed Harold
  8829 | D:9      | Noticed Grum
  8839 | D:9      | Killed Grum
  8840 | D:9      | Reached skill level 10 in Unarmed Combat
  8840 | D:9      | Reached XP level 11. HP: 83/109 MP: 14/14
  9161 | D:10     | Entered Level 10 of the Dungeon
  9494 | D:10     | Found a glowing golden altar of the Shining One.
 10492 | D:11     | Noticed a four-headed hydra
 10494 | D:11     | Found a staircase to the Orcish Mines.
 10507 | D:10     | Killed a five-headed hydra
 10508 | D:10     | Reached skill level 5 in Throwing
 10714 | D:11     | Noticed a boulder beetle
 10738 | D:11     | Killed a boulder beetle
 11219 | D:11     | Found a sacrificial altar of Ru.
 11253 | D:11     | Found an ancient bone altar of Kikubaaqudgha.
 11253 | D:11     | Found a white marble altar of Elyvilon.
 11255 | D:11     | Found a sparkling altar of Nemelex Xobeh.
 11255 | D:11     | Found a shimmering altar of Xom.
 11255 | D:11     | Found a bloodstained altar of Trog.
 11456 | Lair:1   | Entered Level 1 of the Lair of Beasts
 11648 | Lair:1   | Acquired the +0 cloak of the Serpent {rElec}
 11983 | Lair:2   | Reached XP level 12. HP: 100/122 MP: 16/16
 11991 | Lair:1   | Reached skill level 11 in Unarmed Combat
 12290 | Lair:2   | Reached ***** piety under Qazlal
 12879 | Lair:3   | Noticed Urug
 12955 | Lair:3   | Killed Urug
 12975 | Lair:2   | Reached skill level 10 in Fighting
 13816 | Lair:3   | Found a blossoming altar of Fedhas.
 14065 | Lair:3   | Found a staircase to the Shoals.
 14131 | Lair:4   | Noticed a five-headed hydra
 14140 | Lair:4   | Killed an eight-headed hydra
 14164 | Lair:4   | Found a hole to the Spider Nest.
 14248 | Lair:4   | Noticed Nessos
 14269 | Lair:4   | HP: 4/127 [Nessos/arrow (7)]
 14270 | Lair:4   | Killed Nessos
 14270 | Lair:4   | Succumbed to Nessos's poison

Illustrated notes

Levels and vault maps discovered:
D:1:      kennysheep_arrival_forest, layout_basic
D:2:      layout_basic, uniq_jessica
D:3:      layout_basic, grunt_ministairs_11
D:4:      layout_rooms, minmay_temple_entry_statues_pillars, serial_shops,
          nicolae_shop_waterfront, minmay_ogre_servants
D:5:      layout_rooms, gup_sewer_entry_bowl, minmay_misc_feat_hallway,
          uniq_sigmund
D:6:      layout_loops_cross, palyth_stone_intersect, minmay_manual_mess
D:7:      layout_gridville, enter_ossuary_3, serial_shops,
          nicolae_shop_statue_plus, nicolae_underground_beach, uniq_joseph,
          uniq_menkaure, uniq_maggie, uniq_crazy_yiuf_cottage
D:8:      layout_basic, erik_lair_orcish_takeover
D:9:      layout_basic, minivault_5, uniq_harold, uniq_grum
D:10:     layout_roguey, nicolae_tso_carved_into_rock, minivault_7
D:11:     layout_basic, orc_0_dummy, doesnt_xom_only_xom
Temple:   regret_index_temple_sigil_plot
Lair:1:   layout_hall_layers, fungi_pond_lemuel
Lair:2:   layout_regular_city, grunt_megastairs_2
Lair:3:   layout_loops_ring, elwin_shoals_entry_rooms, columned_hall_lemuel,
          tgw_fedhas, uniq_urug
Lair:4:   layout_hall_layers, spider_nest_entry_webs,
          nicolae_volcano_entry_batcave, minmay_hedge_maze, beast_lair_carwin_7,
          uniq_nessos

Skill      XL: |  1  2  3  4  5  6  7  8  9 10 11 12 |
---------------+-------------------------------------+-----
Unarmed Combat | 4 5 6 7 8 10 11 | 11.8
Dodging        | 3 4 5 6 |  6.2
Fighting       | 3 4 5 6 7 8 10 | 10.5
Armour         | 1 2 3 4 5 6 7 |  7.8
Throwing       | 2 3 4 5 6 |  6.2
Invocations    | 1 3 5 7 8 |  8.4
Stealth        | |  1.0

Action                   |  1- 3 |  4- 6 |  7- 9 | 10-12 || total
-------------------------+-------+-------+-------+-------++-------
Melee: Unarmed           |    98 |   124 |   423 |   589 ||  1234
       Punch             |       |     3 |    18 |    44 ||    65
Throw: Dart              |       |       |     1 |    16 ||    17
       Large rock        |       |       |       |    12 ||    12
Invok: Upheaval          |       |       |     1 |     8 ||     9
       Elemental Force   |       |       |       |     1 ||     1
Evoke: Wand              |       |       |       |     2 ||     2
  Use: Scroll            |     1 |     1 |    15 |     9 ||    26
       Potion            |       |       |     1 |     1 ||     2
 Stab: Sleeping          |     3 |     1 |     1 |       ||     5
       Distracted        |       |     1 |       |       ||     1
Armor: Robe              |    27 |    20 |    47 |       ||    94
       Steam dragon scal |       |       |    11 |   166 ||   177
Dodge: Dodged            |    41 |    64 |   214 |   406 ||   725
       Repelled          |       |       |       |     5 ||     5
Block: Other             |       |       |    13 |   165 ||   178

Table legend: (Time is in decaauts)
 A = Elapsed time spent in this place.
 B = Non-inter-level travel time spent in this place.
 C = Inter-level travel time spent in this place.
 D = Time resting spent in this place.
 E = Time spent auto-exploring this place.
 F = Levels seen in this place.
 G = Mean time per level.
                   A        B        C        D        E       F      G
               +--------+--------+--------+--------+--------+-----+--------+
         Total |  14328 |  13464 |    864 |    217 |  10149 |  18 |  796.0 |
       Dungeon |  10283 |   9534 |    749 |    164 |   7154 |  11 |  934.8 |
        Temple |    166 |    166 |      0 |      0 |    155 |   1 |  166.0 |
          Lair |   2795 |   2681 |    114 |     53 |   2135 |   4 |  698.8 |
         Sewer |    903 |    903 |      0 |      0 |    607 |   1 |  903.0 |
       Ossuary |    179 |    179 |      0 |      0 |     98 |   1 |  179.0 |
               +--------+--------+--------+--------+--------+-----+--------+

Top non-repeatable levels by time:
    D:10: 1306 daAuts
  Lair:3: 1160 daAuts
     D:3: 1069 daAuts
     D:8: 1022 daAuts
     D:2: 1017 daAuts
     D:1: 957 daAuts
  Lair:2: 953 daAuts
   Sewer: 903 daAuts
    D:11: 888 daAuts
     D:7: 843 daAuts
     D:4: 840 daAuts
     D:9: 791 daAuts
     D:5: 791 daAuts
     D:6: 754 daAuts
  Lair:1: 538 daAuts
